| TOP OF THE 1ST |
|
Tacoma Cubs batting - Pitching for Portland Beavers : LHP Bill Scherrer
|
|
Pitching: LHP Bill Scherrer
|
|
|
Batting: RHB Tim Glass
|
0-0: Ball 1-0: Called Strike 1-1: Called Strike 1-2: Strikes out swinging
|
|
Batting: RHB Billy Cree
|
0-0: Foul Ball, location: 2F 0-1: Called Strike 0-2: Foul Ball, location: 2F 0-2: Fly out, F8 (Flyball, 78M, EV 90.6 MPH)
|
|
Batting: LHB Willie Gonzalez
|
0-0: Ball 1-0: Ball 2-0: Called Strike 2-1: Foul Ball, location: 2F 2-2: Strikes out swinging
|
| Top of the 1st over - 0 runs, 0 hits, 0 errors, 0 left on base; Tacoma 0 - Portland 0 |
| BOTTOM OF THE 1ST |
|
Portland Beavers batting - Pitching for Tacoma Cubs : RHP Danny Ruiz
|
|
Pitching: RHP Danny Ruiz
|
|
|
Batting: SHB Wally Backman
|
0-0: Ball 1-0: SINGLE (Line Drive, 78S, EV 96.9 MPH)
|
|
Batting: LHB Mike Gates
|
0-0: SINGLE (Groundball, 34D, EV 104.4 MPH) Wally Backman to second Runner from 2nd tries for 3rd, SAFE, no throw by RF
|
|
Batting: RHB Martinho Varandas
|
0-0: SINGLE (Line Drive, 3D, EV 95.0 MPH) Wally Backman scores Mike Gates to second Runner from 2nd tries for 3rd, SAFE, throw by RF made to third
|
|
Batting: LHB Harold Baines
|
0-0: Foul Ball, location: 2F 0-1: Fielders Choice at 2nd, 4-6 (Groundball, 4, EV 86.9 MPH) Mike Gates scores
|
|
Batting: LHB Andre David
|
0-0: Ball 1-0: Foul Ball, location: 2F 1-1: Ball 2-1: Ball 3-1: Called Strike 3-2: Ground out 6-3 (Groundball, 4MS, EV 65.0 MPH) Harold Baines to second
|
|
Batting: RHB Skeeter Barnes
|
0-0: Ball 1-0: Swinging Strike 1-1: Swinging Strike 1-2: Strikes out swinging
|
| Bottom of the 1st over - 2 runs, 3 hits, 0 errors, 1 left on base; Tacoma 0 - Portland 2 |
| TOP OF THE 2ND |
|
Tacoma Cubs batting - Pitching for Portland Beavers : LHP Bill Scherrer
|
|
Batting: LHB Dan Pasqua
|
0-0: Called Strike 0-1: Ball 1-1: Called Strike 1-2: Strikes out swinging
|
|
Batting: RHB Marty Castillo
|
0-0: Ball 1-0: Swinging Strike 1-1: Ball 2-1: Swinging Strike 2-2: Ball 3-2: Base on Balls
|
|
Batting: LHB Thad Bosley
|
0-0: Ball 1-0: Fielders Choice at 2nd, 3-6 (Groundball, 3, EV 106.9 MPH)
|
|
Batting: LHB John Elway
|
0-0: Ball 1-0: Ball 2-0: Ground out 1-3 (Groundball, 13S, EV 71.9 MPH)
|
| Top of the 2nd over - 0 runs, 0 hits, 0 errors, 1 left on base; Tacoma 0 - Portland 2 |
| BOTTOM OF THE 2ND |
|
Portland Beavers batting - Pitching for Tacoma Cubs : RHP Danny Ruiz
|
|
Batting: RHB Pepe Mangual
|
0-0: Swinging Strike 0-1: Ball 1-1: Called Strike 1-2: Strikes out swinging passed ball, reaches first!
|
|
Batting: RHB Kevin Buckley
|
0-0: Ball 1-0: Ball 2-0: Fielders Choice at 2nd, 2-4 (Groundball, 15S, EV 71.3 MPH)
|
|
Batting: LHB Pat Sheridan
|
0-0: Swinging Strike 0-1: Fly out, F5 (Line Drive, 5, EV 66.3 MPH)
|
|
Batting: SHB Wally Backman
|
0-0: Called Strike 0-1: Ground out 6-3 (Groundball, 6S, EV 83.1 MPH)
|
| Bottom of the 2nd over - 0 runs, 0 hits, 0 errors, 1 left on base; Tacoma 0 - Portland 2 |
| TOP OF THE 3RD |
|
Tacoma Cubs batting - Pitching for Portland Beavers : LHP Bill Scherrer
|
|
Batting: RHB Houston Jimenez
|
0-0: Ball 1-0: Foul Ball, location: 2F 1-1: Ball 2-1: Foul Ball, location: 2F 2-2: DOUBLE (Line Drive, 9LS, EV 111.9 MPH)
|
|
Batting: LHB John D Morris
|
0-0: Ball 1-0: Foul Ball, location: 2F 1-1: Foul Ball, location: 2F 1-2: Fly out, F9 (Flyball, 9D, EV 93.1 MPH) Runner from 2nd tags up, SAFE at 3rd, no throw by RF
|
|
Batting: RHB Tim Glass
|
0-0: Ball 1-0: Called Strike 1-1: Swinging Strike 1-2: Ball 2-2: Ball 3-2: Base on Balls
|
|
Batting: RHB Billy Cree
|
0-0: Ball 1-0: Called Strike 1-1: Ball 2-1: Fly out, F8 (Flyball, 8RD, EV 104.4 MPH) Runner from 3rd tags up, SCORES, throw by CF
|
|
Batting: LHB Willie Gonzalez
|
0-0: Foul Ball, location: 2F 0-1: Ball 1-1: Ball 2-1: Ball 3-1: Base on Balls Tim Glass to second
|
|
Batting: LHB Dan Pasqua
|
0-0: Called Strike 0-1: Swinging Strike 0-2: SINGLE (Groundball, 56D, EV 111.3 MPH) Tim Glass to third Willie Gonzalez to second Runner from 3rd tries for Home, SAFE, throw by LF to home
|
|
Batting: RHB Marty Castillo
|
0-0: Ball 1-0: Fly out, F8 (Flyball, 8RM, EV 91.9 MPH)
|
| Top of the 3rd over - 2 runs, 2 hits, 0 errors, 2 left on base; Tacoma 2 - Portland 2 |
| BOTTOM OF THE 3RD |
|
Portland Beavers batting - Pitching for Tacoma Cubs : RHP Danny Ruiz
|
|
Batting: LHB Mike Gates
|
0-0: Ball 1-0: Called Strike 1-1: Ball 2-1: Ball 3-1: Called Strike 3-2: Base on Balls
|
|
Batting: RHB Martinho Varandas
|
0-0: Swinging Strike 0-1: Ball 1-1: Foul Ball, location: 2F 1-2: Ball 2-2: Fly out, F9 (Flyball, 9S, EV 91.3 MPH)
|
|
Batting: LHB Harold Baines
|
0-0: Hit by Pitch Mike Gates to second
|
|
Batting: LHB Andre David
|
0-0: Swinging Strike 0-1: Ball 1-1: Ball 2-1: Ball 3-1: Base on Balls Mike Gates to third Harold Baines to second
|
|
Batting: RHB Skeeter Barnes
|
0-0: Swinging Strike 0-1: Ball 1-1: Ground out 4-3 (Groundball, 4M, EV 80.0 MPH) Mike Gates scores Harold Baines to third Andre David to second
|
|
Batting: RHB Pepe Mangual
|
0-0: Ball 1-0: Swinging Strike 1-1: Swinging Strike 1-2: Ball 2-2: Strikes out swinging
|
| Bottom of the 3rd over - 1 run, 0 hits, 0 errors, 2 left on base; Tacoma 2 - Portland 3 |
| TOP OF THE 4TH |
|
Tacoma Cubs batting - Pitching for Portland Beavers : LHP Bill Scherrer
|
|
Batting: LHB Thad Bosley
|
0-0: Ball 1-0: Foul Ball, location: 2F 1-1: Foul Ball, location: 2F 1-2: Foul Ball, location: 2F 1-2: Foul Ball, location: 2F 1-2: Ball 2-2: Ball 3-2: Foul Ball, location: 2F 3-2: Ground out 6-3 (Groundball, 6, EV 98.8 MPH)
|
|
Batting: LHB John Elway
|
0-0: Ball 1-0: Ball 2-0: Called Strike 2-1: SINGLE (Groundball, 34D, EV 96.3 MPH)
|
|
Batting: RHB Houston Jimenez
|
0-0: Ball 1-0: Called Strike John Elway steals 2nd base 1-1: Foul Ball, location: 2F 1-2: Ball 2-2: Foul Ball, location: 2F 2-2: Ball 3-2: Base on Balls
|
|
Batting: LHB John D Morris
|
0-0: Ball 1-0: Swinging Strike 1-1: Foul Ball, location: 2F 1-2: Foul Ball, location: 2F 1-2: Strikes out looking
|
|
Batting: RHB Tim Glass
|
0-0: Foul Ball, location: 2F 0-1: Foul Ball, location: 2F 0-2: Foul Ball, location: 2F 0-2: Foul Ball, location: 2F 0-2: Fly out, F2 (Popup, 2LF, EV 86.3 MPH)
|
| Top of the 4th over - 0 runs, 1 hit, 0 errors, 2 left on base; Tacoma 2 - Portland 3 |
| BOTTOM OF THE 4TH |
|
Portland Beavers batting - Pitching for Tacoma Cubs : RHP Danny Ruiz
|
|
Batting: RHB Kevin Buckley
|
0-0: DOUBLE (Line Drive, 9LS, EV 87.5 MPH)
|
|
Batting: LHB Pat Sheridan
|
0-0: Ball 1-0: Called Strike 1-1: Foul Ball, location: 2F 1-2: Strikes out swinging
|
|
Batting: SHB Wally Backman
|
0-0: Ball 1-0: Foul Ball, location: 2F 1-1: Called Strike 1-2: Ground out 5-3 (Groundball, 5, EV 85.6 MPH)
|
|
Batting: LHB Mike Gates
|
0-0: Called Strike 0-1: Ball 1-1: SINGLE (Groundball, 4D, EV 94.4 MPH) Kevin Buckley to third Runner from 3rd tries for Home, SAFE, throw by CF to home Mike Gates to second
|
|
Batting: RHB Martinho Varandas
|
0-0: Foul Ball, location: 2F 0-1: Ball 1-1: Ball 2-1: Ball 3-1: Swinging Strike 3-2: Fly out, F9 (Line Drive, 9D, EV 83.8 MPH)
|
| Bottom of the 4th over - 1 run, 2 hits, 0 errors, 1 left on base; Tacoma 2 - Portland 4 |
| TOP OF THE 5TH |
|
Tacoma Cubs batting - Pitching for Portland Beavers : LHP Bill Scherrer
|
|
Batting: RHB Billy Cree
|
0-0: Ball 1-0: Called Strike 1-1: Called Strike 1-2: Ball 2-2: Ground out U3 (Groundball, 34, EV 78.8 MPH)
|
|
Batting: LHB Willie Gonzalez
|
0-0: Ball 1-0: Ground out U3 (Groundball, 34, EV 100.0 MPH)
|
|
Batting: LHB Dan Pasqua
|
0-0: Fly out, F9 (Flyball, 9LS, EV 91.3 MPH)
|
| Top of the 5th over - 0 runs, 0 hits, 0 errors, 0 left on base; Tacoma 2 - Portland 4 |
| BOTTOM OF THE 5TH |
|
Portland Beavers batting - Pitching for Tacoma Cubs : RHP Danny Ruiz
|
|
Batting: LHB Harold Baines
|
0-0: SOLO HOME RUN (Flyball, 9LD, EV 95.6 MPH), Distance : 344 ft
|
|
Batting: LHB Andre David
|
0-0: Called Strike 0-1: Ground out 6-3 (Groundball, 6, EV 86.3 MPH)
|
|
Batting: RHB Skeeter Barnes
|
0-0: Called Strike 0-1: Swinging Strike 0-2: Foul Ball, location: 2F 0-2: Ball 1-2: Strikes out swinging
|
|
Batting: RHB Pepe Mangual
|
0-0: Called Strike 0-1: Ground out U3 (Groundball, 34S, EV 80.0 MPH)
|
| Bottom of the 5th over - 1 run, 1 hit, 0 errors, 0 left on base; Tacoma 2 - Portland 5 |
| TOP OF THE 6TH |
|
Tacoma Cubs batting - Pitching for Portland Beavers : LHP Bill Scherrer
|
|
Batting: RHB Marty Castillo
|
0-0: SINGLE (Line Drive, 8RS, EV 101.3 MPH)
|
|
Batting: LHB Thad Bosley
|
0-0: Sac Bunt to P - play at first, batter OUT! 1-3 Marty Castillo to second
|
|
Batting: LHB John Elway
|
0-0: Ball 1-0: Called Strike 1-1: Ball 2-1: Ball 3-1: Ground out 4-3 (Groundball, 34, EV 85.0 MPH) Marty Castillo to third
|
|
Batting: RHB Houston Jimenez
|
0-0: Ball 1-0: Ball 2-0: Ball 3-0: Called Strike 3-1: Foul Ball, location: 2F 3-2: Fly out, F4 (Flyball, 34D, EV 88.1 MPH)
|
| Top of the 6th over - 0 runs, 1 hit, 0 errors, 1 left on base; Tacoma 2 - Portland 5 |
| BOTTOM OF THE 6TH |
|
Portland Beavers batting - Pitching for Tacoma Cubs : RHP Danny Ruiz
|
|
Batting: RHB Kevin Buckley
|
0-0: Swinging Strike 0-1: Called Strike 0-2: Ball 1-2: Foul Ball, location: 2F 1-2: Ball 2-2: Foul Ball, location: 2F 2-2: Strikes out swinging
|
|
Batting: LHB Pat Sheridan
|
0-0: Ball 1-0: Foul Ball, location: 2F 1-1: Called Strike 1-2: Ball 2-2: Ball 3-2: Ground out 6-3 (Groundball, 6, EV 103.1 MPH)
|
|
Batting: SHB Wally Backman
|
0-0: Called Strike 0-1: Ball 1-1: Called Strike 1-2: Foul Ball, location: 2F 1-2: Fly out, F8 (Flyball, 8LM, EV 95.0 MPH)
|
| Bottom of the 6th over - 0 runs, 0 hits, 0 errors, 0 left on base; Tacoma 2 - Portland 5 |
| TOP OF THE 7TH |
|
Tacoma Cubs batting - Pitching for Portland Beavers : LHP Bill Scherrer
|
|
Batting: LHB John D Morris
|
0-0: Called Strike 0-1: Fly out, F2 (Popup, 2LF, EV 91.3 MPH)
|
|
Batting: RHB Tim Glass
|
0-0: Ball 1-0: Ball 2-0: Called Strike 2-1: Ball 3-1: Foul Ball, location: 2F 3-2: Ground out 5-3 (Groundball, 56S, EV 87.5 MPH)
|
|
Batting: RHB Billy Cree
|
0-0: Foul Ball, location: 2F 0-1: Foul Ball, location: 2F 0-2: Ball 1-2: Ball 2-2: SINGLE (Line Drive, 7LS, EV 94.4 MPH)
|
|
Pitching: RHP Luis Leal
|
|
|
Batting: LHB Willie Gonzalez
|
0-0: Ball 1-0: Ground out 4-3 (Groundball, 4, EV 96.9 MPH)
|
| Top of the 7th over - 0 runs, 1 hit, 0 errors, 1 left on base; Tacoma 2 - Portland 5 |
| BOTTOM OF THE 7TH |
|
Portland Beavers batting - Pitching for Tacoma Cubs : RHP Danny Ruiz
|
|
Pitching: RHP Bernard Tensing
|
|
|
Batting: LHB Mike Gates
|
0-0: Ground out 3-1 (Groundball, 23, EV 85.0 MPH)
|
|
Batting: RHB Martinho Varandas
|
0-0: Ball 1-0: Fly out, F7 (Flyball, 8LM, EV 91.9 MPH)
|
|
Batting: LHB Harold Baines
|
0-0: Ball 1-0: Called Strike 1-1: Fly out, F7 (Flyball, 7LD, EV 95.0 MPH)
|
| Bottom of the 7th over - 0 runs, 0 hits, 0 errors, 0 left on base; Tacoma 2 - Portland 5 |
| TOP OF THE 8TH |
|
Tacoma Cubs batting - Pitching for Portland Beavers : RHP Luis Leal
|
|
Batting: LHB Dan Pasqua
|
0-0: Ball 1-0: Ground out U3 (Groundball, 34S, EV 87.5 MPH)
|
|
Batting: RHB Marty Castillo
|
0-0: Ball 1-0: Ball 2-0: Ball 3-0: Called Strike 3-1: Foul Ball, location: 2F 3-2: Base on Balls
|
|
Batting: LHB Thad Bosley
|
0-0: Called Strike 0-1: SINGLE (Groundball, 4MS, EV 72.5 MPH) (infield hit) Marty Castillo to second
|
|
Batting: LHB John Elway
|
0-0: Ball 1-0: Swinging Strike 1-1: Ball 2-1: Swinging Strike 2-2: Foul Ball, location: 2F 2-2: Fielders Choice at 2nd, 5-4 (Groundball, 56, EV 83.1 MPH) Marty Castillo to third
|
|
Batting: RHB Houston Jimenez
|
0-0: SINGLE (Groundball, 6MD, EV 105.0 MPH) Marty Castillo scores John Elway to second Runner from 2nd tries for 3rd, SAFE, no throw by CF
|
|
Batting: LHB John D Morris
|
0-0: Ball 1-0: Called Strike 1-1: Ball 2-1: Swinging Strike 2-2: Ball 3-2: Base on Balls Houston Jimenez to second
|
|
Batting: RHB Tim Glass
|
0-0: Fly out, F1 (Line Drive, P, EV 71.3 MPH)
|
| Top of the 8th over - 1 run, 2 hits, 0 errors, 3 left on base; Tacoma 3 - Portland 5 |
| BOTTOM OF THE 8TH |
|
Portland Beavers batting - Pitching for Tacoma Cubs : RHP Bernard Tensing
|
|
Batting: LHB Andre David
|
0-0: Called Strike 0-1: Ball 1-1: Called Strike 1-2: Ball 2-2: Ball 3-2: SINGLE (Groundball, 3D, EV 106.3 MPH)
|
|
Batting: RHB Skeeter Barnes
|
0-0: Ball 1-0: SINGLE (Line Drive, 89M, EV 86.3 MPH) Andre David to second Runner from 2nd tries for 3rd, SAFE, throw by RF made to third
|
|
Batting: RHB Pepe Mangual
|
0-0: Called Strike 0-1: Grounds into double play, 6-4-3 (Groundball, 56, EV 81.9 MPH) Andre David scores
|
|
Batting: RHB Kevin Buckley
|
0-0: Foul Ball, location: 2F 0-1: Ball 1-1: Ball 2-1: Fly out, F7 (Flyball, 7, EV 87.5 MPH)
|
| Bottom of the 8th over - 1 run, 2 hits, 0 errors, 0 left on base; Tacoma 3 - Portland 6 |
| TOP OF THE 9TH |
|
Tacoma Cubs batting - Pitching for Portland Beavers : RHP Luis Leal
|
|
Batting: RHB Billy Cree
|
0-0: Called Strike 0-1: Swinging Strike 0-2: Foul Ball, location: 2F 0-2: Ball 1-2: Strikes out looking
|
|
Batting: LHB Willie Gonzalez
|
0-0: Swinging Strike 0-1: TRIPLE (Flyball, 78XD, EV 93.1 MPH)
|
|
Batting: LHB Dan Pasqua
|
0-0: Called Strike 0-1: Ball 1-1: Foul Ball, location: 2F 1-2: Foul Ball, location: 2F 1-2: Foul Ball, location: 2F 1-2: Ball 2-2: Ball 3-2: Ground out 6-3 (Groundball, 56D, EV 101.9 MPH) Willie Gonzalez scores
|
|
Batting: RHB Marty Castillo
|
0-0: Called Strike 0-1: Swinging Strike 0-2: Ball 1-2: Ball 2-2: Foul Ball, location: 2F 2-2: Foul Ball, location: 2F 2-2: Ball 3-2: Strikes out swinging
|
| Top of the 9th over - 1 run, 1 hit, 0 errors, 0 left on base; Tacoma 4 - Portland 6 |
|